 Dungeon Crawl Stone Soup version 0.18.1-8-gdd0e5ea (webtiles) character file.

473 deorigin the Twirler (level 6, -7/44 HPs)
             Began as a Demonspawn Gladiator on June 8, 2016.
             Was an Initiate of Trog.
             Killed by divine providence
             ... invoked by an orc priest
              (11 damage)
             ... on level 5 of the Dungeon.
             The game lasted 00:08:10 (4089 turns).

deorigin the Twirler (Demonspawn Gladiator)         Turns: 4089, Time: 00:08:11

Health: -7/44      AC: 12    Str: 15    XL:     6   Next: 84%
Magic:  6/6        EV: 10    Int: 10    God:    Trog [......]
Gold:   318        SH:  0    Dex: 15    Spells: 0 memorised, 5 levels left

rFire  . . .     SeeInvis .     a - +0 quarterstaff
rCold  . . .     Gourm    .     t - +0 plate armour
rNeg   . . .     Faith    .     (shield currently unavailable)
rPois  .         Spirit   .     c - +0 helmet
rElec  .         Dismiss  .     (no cloak)
rCorr  .         Reflect  .     (no gloves)
SustAt .         Harm     .     (no boots)
MR     .....                    (no amulet)
Stlth  ..........               v - ring of wizardry
                                r - +5 ring of evasion

@: not resistant to hostile enchantments, extremely unstealthy
A: talons 2, powered by death 1
a: Burn Spellbooks, Renounce Religion


You were on level 5 of the Dungeon.
You worshipped Trog.
Trog was noncommittal.
You were not hungry.

You visited 1 branch of the dungeon, and saw 5 of its levels.

You collected 318 gold pieces.

Inventory:

Hand Weapons
 a - a +0 quarterstaff (weapon)
 x - a +0 blowgun
Missiles
 d - 2 throwing nets (quivered)
 y - 15 poisoned needles
Armour
 b - a +0 leather armour
 c - a +0 helmet (worn)
 t - a +0 plate armour (worn)
Jewellery
 g - an uncursed amulet of dismissal
 o - an uncursed ring of see invisible {unknown}
 r - a +5 ring of evasion (left hand)
 v - a ring of wizardry (right hand)
 z - a +3 ring of intelligence {unknown}
Scrolls
 e - 2 scrolls of fear {unknown}
 k - a scroll of amnesia {unknown}
 l - 3 scrolls of fog {unknown}
 n - a scroll of random uselessness {unknown}
 p - 4 scrolls of identify {unknown}
 u - a scroll of blinking {unknown}
 w - a scroll of enchant weapon {unknown}
 A - a scroll of immolation {unknown}
 D - a scroll of remove curse {unknown}
Potions
 i - 2 potions of curing {unknown}
 j - a potion of experience {unknown}
 m - a potion of heal wounds {unknown}
 q - a potion of berserk rage {unknown}
 s - 2 potions of agility {unknown}
 B - a potion of brilliance {unknown}
 E - a potion of invisibility {unknown}
Books
 C - a book of Burglary

   Spells                             Type                      Level
   a - Swiftness                      Charms/Air                   2
   b - Passwall                       Transmutation/Earth          2
   c - Passage of Golubria            Translocation                4
   d - Lee's Rapid Deconstruction     Earth                        5
   e - Darkness                       Hexes                        6
   f - Invisibility                   Hexes                        6
   Trog disapproves of the use of such an item.
Comestibles
 f - 6 bread rations
 h - 3 beef jerkies


   Skills:
 - Level 2.0 Fighting
 + Level 5.9 Staves
 - Level 1.7 Throwing
 - Level 3.6 Armour
 - Level 2.6 Dodging


You had 5 spell levels left.
You didn't know any spells.

Dungeon Overview and Level Annotations

Branches:
Dungeon (5/15)
 Temple: D:4-7

Altars:
Cheibriados
Elyvilon
Gozag
Pakellas
Qazlal
Ru
Trog
The Shining One

Shops:
D:5 ?

Annotations:
D:4 M4edhros's ghost, weakling OpAr
D:5 M4edhros's ghost, novice OpAr


Innate Abilities, Weirdness & Mutations

You have razor-sharp toenails.
You regenerate a little health from kills.


Message History

The orc misses you. The orc hits you with a hand axe.
The orc priest mumbles some strange prayers to Beogh against you.
Beogh smites you! The orc hits you but does no damage.
You hit the orc priest. You claw the orc priest.
The orc priest is almost dead.
The orc hits you but does no damage.
The orc priest calls down the wrath of Beogh upon you.
Beogh smites you!
* * * LOW HITPOINT WARNING * * *
The orc closely misses you. The orc completely misses you.
The orc priest calls down the wrath of Beogh upon you.
You barely resist.
The orc priest invokes the aid of Beogh against you.
Beogh smites you!
* * * LOW HITPOINT WARNING * * *
There is an open door here.
The orc hits you but does no damage.
The orc priest mumbles some strange prayers to Beogh against you.
Beogh smites you!
You die...

....#.......#...#
##..#.......#...#......# #
#......o#...#......+
#......o#†..#......#
#.......#...#......########
#......o#...#.............#
#......o'o..#.............#
#.......#.o.#.............#
#.......#.o.@.............#
#.......#...#.............#
#.......#...##'####.......#
#.......#...##....#.......#
........#....#....#.......#
........#....#....#.......#
#....#....#.......#
##..#######.......#
#..#.............#


You could see an orc priest and 4 orcs.

Vanquished Creatures
  An ogre (D:4)
  3 jellies
  A scorpion (D:5)
  An orc wizard (D:4)
  A worker ant (D:4)
  6 adders
  3 oozes
  A worm (D:2)
  3 dart slugs
  4 giant geckos
  5 orcs (D:4)
  A ball python (D:3)
  8 bats
  A giant cockroach (D:1)
  4 hobgoblins
  6 jackals
  3 quokkas
  7 giant newts
  7 goblins
  11 kobolds
  8 rats
85 creatures vanquished.

Notes
Turn   | Place    | Note
--------------------------------------------------------------
     0 | D:1      | deorigin the Demonspawn Gladiator began the quest for the Orb.
     0 | D:1      | Reached XP level 1. HP: 16/16 MP: 1/1
   118 | D:1      | Reached skill level 3 in Staves
   143 | D:1      | Gained mutation: You have sharp toenails. [demonic ancestry]
   143 | D:1      | Reached XP level 2. HP: 22/22 MP: 2/2
   662 | D:1      | Gained mutation: You regenerate a little health from kills. [demonic ancestry]
   662 | D:1      | Reached XP level 3. HP: 27/27 MP: 3/3
  1076 | D:2      | Reached skill level 4 in Staves
  1165 | D:2      | Gained mutation: You have razor-sharp toenails. [demonic ancestry]
  1165 | D:2      | Reached XP level 4. HP: 32/33 MP: 4/4
  1684 | D:2      | Found a glowing golden altar of the Shining One.
  1788 | D:3      | Reached skill level 1 in Armour
  1878 | D:3      | Found an opulent altar of Gozag.
  2220 | D:4      | Noticed a fire elemental
  2222 | D:4      | Found a stormy altar of Qazlal.
  2225 | D:4      | Noticed a water elemental
  2538 | D:4      | Reached XP level 5. HP: 35/38 MP: 5/5
  2568 | D:4      | Noticed M4edhros's ghost (weakling OpAr)
  2759 | D:4      | Found a bloodstained altar of Trog.
  2790 | D:4      | Became a worshipper of Trog the Wrathful
  2952 | D:4      | Noticed an ogre
  2971 | D:4      | Killed an ogre
  3002 | D:4      | Found a snail-covered altar of Cheibriados.
  3020 | D:4      | Found an oddly glowing altar of Pakellas.
  3030 | D:4      | Reached XP level 6. HP: 28/44 MP: 6/6
  3159 | D:4      | Reached skill level 5 in Staves
  3370 | D:5      | Entered Level 5 of the Dungeon
  3379 | D:5      | Noticed M4edhros's ghost (novice OpAr)
  3543 | D:4      | Found a white marble altar of Elyvilon.
  3715 | D:4      | Found a sacrificial altar of Ru.
  3882 | D:4      | Noticed an air elemental
  4033 | D:5      | Found Laodenen's Magic Scroll Shoppe.
  4089 | D:5      | Killed from afar by an orc priest

Skill      XL: |  1  2  3  4  5  6 |
---------------+-------------------+-----
Staves         | 3 4 5 |  5.9
Armour         | 2 3 |  3.6
Fighting       | |  2.0
Throwing       | |  1.7
Dodging        | |  2.6

Action                   |  1- 3 |  4- 6 || total
-------------------------+-------+-------++-------
Melee: Quarterstaff      |    94 |   207 ||   301
       Kick              |    15 |    58 ||    73
Throw: Throwing net      |       |     4 ||     4
 Stab: Held in net/web   |       |     2 ||     2
  Eat: Chunk             |     1 |     8 ||     9
       Meat ration       |       |     1 ||     1
Armor: Leather armour    |    26 |     6 ||    32
       Plate armour      |       |   103 ||   103
Dodge: Dodged            |    66 |   124 ||   190
